[Event "WTCC-50 2018"]
[Site "Radebeul"]
[Date "2018.07.12"]
[Round "6"]
[White "Frostick, Clive A"]
[Black "Marwitz, Tino"]
[Result "1-0"]
[ECO "B40"]
[WhiteElo "2133"]
[BlackElo "2031"]
[Annotator "NA"]
[PlyCount "63"]
[EventDate "2018.07.07"]
[EventType "team-tourn"]
[EventCountry "GER"]
[SourceTitle "playchess.com"]
[Source "ChessBase"]
[SourceQuality "1"]
[TimeControl "40/5400+30:1800+30"]

1. e4 c5 2. Nf3 e6 3. g3 d6 4. Bg2 Nf6 5. e5 dxe5 6. Nxe5 Bd6 7. Nc4 Bc7 8. b3 O-O 9. Bb2 Nbd7 10. O-O Rb8 11. a4 a6 12. a5 b6 13. axb6 Bxb6 14. Nxb6 Nxb6 15. Be5 Rb7 16. d3 Ra7 17. Nc3 Qe7 18. Qe2 Rd8 19. Ne4 Nxe4 20. Bxe4 Bb7 21. Bxb7 Qxb7 22. Qg4 f5 23. Qe2 Qf7 24. Ra5 Nd5 25. c4 Nb4 26. Rxc5 Nxd3 27. Rc6 Re7 28. Bd6 Ree8 29. Qxd3 Qb7 30. Rc5 Qb6 31. Rd1 Rd7 32. Re5 1-0

[Event "WTCC-50 2018"]
[Site "Radebeul"]
[Date "2018.07.12"]
[Round "6"]
[White "Rensch, Toralf"]
[Black "Kryukova, Irina"]
[Result "1/2-1/2"]
[ECO "C29"]
[WhiteElo "2088"]
[BlackElo "2249"]
[Annotator "NA"]
[PlyCount "82"]
[EventDate "2018.07.07"]
[EventType "team-tourn"]
[EventCountry "GER"]
[SourceTitle "playchess.com"]
[Source "ChessBase"]
[SourceQuality "1"]
[TimeControl "40/5400+30:1800+30"]

1. e4 e5 2. Nc3 Nf6 3. f4 d5 4. exd5 Nxd5 5. fxe5 Nxc3 6. bxc3 Qh4+ 7. Ke2 Qe4+ 8. Kf2 Qxe5 9. d4 Qf6+ 10. Qf3 Qxf3+ 11. Nxf3 Bd6 12. Bd3 O-O 13. Ng5 h6 14. Ne4 Be7 15. Rf1 Be6 16. Rb1 b6 17. c4 Nd7 18. Kg1 c6 19. c3 Rfe8 20. Rb2 Bf8 21. h3 f5 22. Nd2 Ba3 23. Rc2 Bxc1 24. Rcxc1 g6 25. Rfe1 Kg7 26. Kf2 Bf7 27. Nf3 Kf6 28. h4 Rxe1 29. Rxe1 Re8 30. Rxe8 Bxe8 31. g3 Bf7 32. Ke3 g5 33. a3 Bh5 34. hxg5+ hxg5 35. Bc2 a6 36. Ba4 b5 37. cxb5 axb5 38. Bb3 Bxf3 39. Kxf3 Nb6 40. Ke2 Ke7 41. Kd3 Kd6 1/2-1/2

[Event "WTCC-50 2018"]
[Site "Radebeul"]
[Date "2018.07.12"]
[Round "6"]
[White "Vollak, Andreas"]
[Black "Fegan, Chris"]
[Result "1/2-1/2"]
[ECO "A87"]
[WhiteElo "2027"]
[BlackElo "2040"]
[Annotator "NA"]
[PlyCount "77"]
[EventDate "2018.07.07"]
[EventType "team-tourn"]
[EventCountry "GER"]
[SourceTitle "playchess.com"]
[Source "ChessBase"]
[SourceQuality "1"]
[TimeControl "40/5400+30:1800+30"]

1. d4 f5 2. Nf3 Nf6 3. c4 g6 4. g3 Bg7 5. Bg2 O-O 6. O-O d6 7. b3 c5 8. Bb2 cxd4 9. Nxd4 a6 10. Nc3 h6 11. e4 e5 12. Nde2 Nc6 13. Qd2 Be6 14. Rad1 Ne8 15. Ba3 f4 16. gxf4 exf4 17. Nxf4 Bg4 18. f3 g5 19. Nfe2 Bh5 20. Nd5 Ne5 21. Qe3 g4 22. fxg4 Rxf1+ 23. Rxf1 Nxg4 24. Qf4 Qh4 25. Qg3 Qg5 26. Bc1 Qd8 27. h3 Ngf6 28. Nef4 Bf7 29. Nxf6+ Nxf6 30. Nd5 Bxd5 31. exd5 Kh8 32. Re1 Qa5 33. Re7 Rg8 34. Qg6 Nxd5 35. Rxg7 Qe1+ 36. Kh2 Qe5+ 37. Kg1 Qe1+ 38. Kh2 Qe5+ 39. Kg1 1/2-1/2

[Event "WTCC-50 2018"]
[Site "Radebeul"]
[Date "2018.07.12"]
[Round "6"]
[White "Habel, Christof"]
[Black "Barron, Michael"]
[Result "0-1"]
[ECO "A80"]
[WhiteElo "2026"]
[BlackElo "2123"]
[Annotator "NA"]
[PlyCount "91"]
[EventDate "2018.07.07"]
[EventType "team-tourn"]
[EventCountry "GER"]
[SourceTitle "playchess.com"]
[Source "ChessBase"]
[SourceQuality "1"]
[TimeControl "40/5400+30:1800+30"]

1. d4 f5 2. Nc3 Nf6 3. Nf3 g6 4. e3 Bg7 5. Bd3 d5 6. Ne2 O-O 7. h4 e6 8. Nf4 Ne4 9. c4 c6 10. Bd2 Qe7 11. b4 Nd6 12. c5 Nf7 13. Bc3 Nd7 14. Qc2 e5 15. dxe5 Ndxe5 16. Nd4 Nxd3+ 17. Qxd3 Ne5 18. Qc2 Bf6 19. h5 g5 20. Nd3 f4 21. O-O-O fxe3 22. Nxe5 Bxe5 23. fxe3 Bg4 24. Rd2 Rae8 25. Qb2 h6 26. Qc2 Bg7 27. Kb2 Qxe3 28. Qg6 Rf6 29. Qc2 Re4 30. Rd3 Qf4 31. a3 Rf8 32. Qd2 Qf7 33. Kb3 Bxh5 34. Nf3 Bg6 35. Nxg5 hxg5 36. Qxg5 d4+ 37. Ka4 dxc3 38. Rg3 Re6 39. Rgh3 Qf5 40. Qg3 Qc2+ 41. Ka5 b6+ 42. cxb6 Rf5+ 43. Ka6 Qa4+ 44. Kb7 Rf7+ 45. Qc7 axb6 46. Rh8+ 0-1

[Event "WTCC-50 2018"]
[Site "Radebeul"]
[Date "2018.07.12"]
[Round "6"]
[White "Thoele, Wolfgang"]
[Black "Rohrmueller, Ulrich"]
[Result "0-1"]
[ECO "B08"]
[WhiteElo "1968"]
[BlackElo "2205"]
[Annotator "NA"]
[PlyCount "64"]
[EventDate "2018.07.07"]
[EventType "team-tourn"]
[EventCountry "GER"]
[SourceTitle "playchess.com"]
[Source "ChessBase"]
[SourceQuality "1"]
[TimeControl "40/5400+30:1800+30"]

1. e4 d6 2. d4 Nf6 3. Nc3 g6 4. Nf3 Bg7 5. Be2 O-O 6. O-O c6 7. Bg5 Qc7 8. Qd2 b5 9. a3 Nbd7 10. d5 a6 11. dxc6 Qxc6 12. Nd5 Re8 13. Nd4 Qb7 14. Bxf6 Nxf6 15. Nxf6+ Bxf6 16. Bf3 Be5 17. c3 Bd7 18. g3 Rac8 19. Bg2 Qa7 20. Rfd1 Rc7 21. Qe3 Bg7 22. Nc2 Qxe3 23. Nxe3 Kf8 24. Rd2 Rb8 25. Rad1 Be6 26. Nd5 Rcc8 27. h3 a5 28. Bf1 h5 29. Kg2 Bh6 30. f4 Bd7 31. Be2 Bc6 32. Rc2 e6 0-1

[Event "WTCC-50 2018"]
[Site "Radebeul"]
[Date "2018.07.12"]
[Round "6"]
[White "Luger, Jens"]
[Black "Sazonova, Elena N"]
[Result "0-1"]
[ECO "E91"]
[WhiteElo "1920"]
[BlackElo "2146"]
[Annotator "NA"]
[PlyCount "64"]
[EventDate "2018.07.07"]
[EventType "team-tourn"]
[EventCountry "GER"]
[SourceTitle "playchess.com"]
[Source "ChessBase"]
[SourceQuality "1"]
[TimeControl "40/5400+30:1800+30"]

1. d4 Nf6 2. c4 g6 3. Nc3 Bg7 4. Nf3 O-O 5. e4 d6 6. Be2 Nbd7 7. O-O e5 8. Be3 Ng4 9. Bg5 f6 10. Bd2 c6 11. Rb1 a5 12. a3 Qe7 13. h3 Nh6 14. Qc1 Nf7 15. d5 f5 16. b4 axb4 17. axb4 fxe4 18. Nxe4 cxd5 19. cxd5 Nb6 20. Be3 Nxd5 21. Bc4 Nxe3 22. Qxe3 Be6 23. Bxe6 Qxe6 24. Qb6 Qd5 25. Qe3 Qb5 26. Rfd1 d5 27. Nc3 d4 28. Qxd4 Qc6 29. Qe3 Ra3 30. Rd3 Bh6 31. Nxe5 Nxe5 32. Qxe5 Bg7 0-1